 Dungeon Crawl Stone Soup version 0.16-a0-3625-g2624681 (webtiles) character file.

97 PolkaDot the Ruffian (level 4, -2/40 HPs)
             Began as a Draconian Monk on Jan 14, 2015.
             Slain by an orc priest
             ... wielding a +0 dagger
              (6 damage)
             ... on level 2 of the Dungeon.
             The game lasted 00:03:39 (2071 turns).

PolkaDot the Ruffian (Draconian Monk)               Turns: 2071, Time: 00:03:39

Health: -2/40      AC:  6    Str: 14    XL:     4   Next: 42%
Magic:  4/4        EV: 13    Int: 11    God:
Gold:   108        SH:  0    Dex: 13    Spells: 0 memorised, 3 levels left

rFire  . . .     SeeInvis .       - Unarmed
rCold  . . .     Clarity  .     (armour unavailable)
rNeg   . . .     SustAb   +     (no shield)
rPois  .         Gourm    .     (helmet restricted)
rElec  .         Spirit   .     j - +0 cloak
rCorr  .         Warding  .     (no gloves)
rMut   .         Stasis   .     (no boots)
MR     .....                    (no amulet)
Stlth  ++........               (no ring)
                                e - ring of sustain abilities

@: slowed, very slow, not resistant to hostile enchantments, unstealthy
A: unfitting armour, fangs 1, wild magic 1, cold-blooded, AC +5
a: no special abilities


You were on level 2 of the Dungeon.
You were hungry.

You visited 1 branch of the dungeon, and saw 3 of its levels.

You collected 108 gold pieces.

Inventory:

Armour
 j - a +0 cloak (worn)
Jewellery
 e - a ring of sustain abilities (left hand)
 o - a +4 ring of dexterity {unknown}
Magical devices
 g - a wand of digging (14)
Scrolls
 c - 2 scrolls of identify
 i - a scroll of blinking {unknown}
 k - a scroll of enchant weapon {unknown}
 l - a scroll of fog {unknown}
 m - a scroll of teleportation {unknown}
 n - a scroll of amnesia {unknown}
Comestibles
 b - 3 bread rations
 f - a slice of pizza
 h - a royal jelly


   Skills:
 + Level 4.2 Fighting
 + Level 3.3 Dodging
 - Level 1.7 Stealth
 * Level 4.9 Unarmed Combat


You had 3 spell levels left.
You didn't know any spells.

Dungeon Overview and Level Annotations

Branches:
Dungeon (3/15)

Altars:
Elyvilon
Sif Muna
The Shining One


Innate Abilities, Weirdness & Mutations

Your plain brown scales are hard (AC +5).
Your body does not fit into most forms of armour.
Your cold-blooded metabolism reacts poorly to cold.
You have very sharp teeth.
Your spells are a little harder to cast, but a little more powerful.


Message History

Your teeth lengthen and sharpen.
You feel less in control of your magic.
The orc wizard gestures at you while chanting.
The magic dart hits you!
* * * LOW HITPOINT WARNING * * *
The orc priest hits you with a dagger.
* * * LOW HITPOINT WARNING * * *
The orc wizard mumbles some strange words.
The orc wizard blinks!
The orc priest mumbles some strange prayers to Beogh against you.
Something smites you!
* * * LOW HITPOINT WARNING * * *
Unknown command.
Unknown command.
Unknown command.
You aren't carrying any potions.
Read which item? (? for menu, Esc to quit)
As you read the scroll labeled SHIAWO PRIUTA, it crumbles to dust.
Your hands glow faint mauve for a moment.
It was a scroll of random uselessness.
The orc priest hits you with a dagger.
You die...

####### #.....#
############.###o#
.........ยง(.....@#
#.##########.#######
#.##########.......#
..........########.##
..........# #...#
..........# #...#
..######### #...# ..#
#...# ..# #...#


You could see an orc priest.

Vanquished Creatures
  Robin (D:2)
  An adder (D:2)
  A gnoll (D:1)
  2 giant mites (D:2)
  An ooze (D:1)
  An orc (D:3)
  5 giant cockroaches
  13 goblins
  9 hobgoblins
  3 jackals (D:2)
  A ball python (D:1)
  3 bats
  A giant gecko (D:1)
  2 giant newts (D:2)
  3 kobolds
  5 rats
52 creatures vanquished.

Notes
Turn   | Place    | Note
--------------------------------------------------------------
     0 | D:1      | PolkaDot, the Draconian Monk, began the quest for the Orb.
     0 | D:1      | Reached XP level 1. HP: 19/19 MP: 1/1
   286 | D:1      | Reached XP level 2. HP: 21/26 MP: 2/2
   946 | D:2      | Reached XP level 3. HP: 31/33 MP: 3/3
  1034 | D:2      | Found a glowing golden altar of the Shining One.
  1060 | D:2      | Found a white marble altar of Elyvilon.
  1196 | D:2      | Noticed Robin
  1221 | D:2      | Reached XP level 4. HP: 23/40 MP: 4/4
  1227 | D:2      | Killed Robin
  1646 | D:2      | Found a deep blue altar of Sif Muna.
  2070 | D:2      | Gained mutation: You have very sharp teeth. [potion of mutation]
  2070 | D:2      | Gained mutation: Your spells are a little harder to cast, but a little more powerful. [potion of mutation]
  2071 | D:2      | Slain by an orc priest

Action                   |  1- 3 |  4- 6 || total
-------------------------+-------+-------++-------
Melee: Unarmed           |   124 |    40 ||   164
  Use: Potion            |     4 |     1 ||     5
       Scroll            |       |     2 ||     2
 Stab: Sleeping          |     1 |     2 ||     3
  Eat: Chunk             |       |     3 ||     3
